Map: Ascension to Aiur LE

Players

Flavino - Winner!

  • Race: Protoss Protoss
  • League: Platinum
  • Spawn Location: 11:00

axu

  • Race: Protoss Protoss
  • League: Platinum
  • Spawn Location: 5:00

VOD

Have the link to the VOD?

Description

Time

  • Played on: Jan. 12, 2018, 2:38 p.m.
  • Length: 18:47
Show
View Real Time Build Order
Export as new Build Order

Flavino Protoss - Winner!

Build Orders:  

Get SALT Encoding   

  12  0:01  Probe  
  13  0:13  Probe  
  14  0:18  Pylon  
  14  0:25  Probe  
  15  0:37  Probe (Chrono Boost)  
  15  0:39  Gateway  
  16  0:48  Assimilator  
  16  0:49  Probe (Chrono Boost)  
  17  0:55  Probe (Chrono Boost)  
  18  0:57  Assimilator  
  18  1:04  Probe  
  19  1:20  Probe  
  20  1:27  Cybernetics Core  
  20  1:43  Probe  
  21  1:47  Pylon  
  21  1:51  Gateway  
  21  1:52  Gateway  
  21  1:55  Probe  
  21  1:58  Warp Gate (Chrono Boost)  
  22  2:08  Stalker  
  22  2:12  Probe  
  25  2:26  Probe  
  26  2:42  Nexus  
  26  2:56  Probe  
  26  2:57  Stalker  
  29  3:03  Pylon  
  29  3:10  Probe  
  30  3:22  Probe  
  30  3:50  Stalker x2  
  30  3:53  Stalker  
  36  3:57  Probe  
  37  4:09  Probe  
  38  4:22  Gateway  
  38  4:24  Robotics Facility  
  38  4:27  Forge  
  38  4:30  Twilight Council  
  38  4:32  Pylon  
  38  4:33  Probe  
  38  4:34  Probe  
  40  4:42  Stalker, Pylon  
  40  4:43  Stalker  
  44  4:45  Probe  
  44  4:50  Probe  
  46  4:55  Sentry  
  47  5:02  Probe  
  47  5:03  Probe  
  49  5:08  Sentry x2  
  53  5:14  Probe  
  53  5:15  Probe  
  53  5:21  Observer  
  56  5:27  Probe  
  56  5:28  Probe  
  58  5:31  Zealot  
  58  5:32  Zealot x2  
  58  5:34  Protoss Ground Weapons Level 1 (Chrono Boost)  
  64  5:37  Assimilator  
  64  5:39  Assimilator  
  64  5:41  Shield Battery  
  64  5:42  Probe x2  
  66  5:54  Probe x2  
  66  6:06  Probe x2  
  66  6:07  Stalker  
  70  6:18  Pylon  
  70  6:21  Pylon  
  70  6:30  Pylon  
  70  6:32  Gateway  
  70  6:33  Forge  
  70  6:36  Probe x2  
  70  6:37  Immortal  
  70  6:38  Stalker  
  78  6:53  Nexus  
  78  6:56  Pylon  
  78  6:59  Probe, Pylon  
  78  7:00  Probe  
  80  7:01  Stalker  
  80  7:02  Charge (Chrono Boost)  
  80  7:03  Sentry x2  
  80  7:04  Sentry  
  88  7:14  Protoss Ground Weapons Level 2 (Chrono Boost)  
  88  7:17  Protoss Ground Armor Level 1 (Chrono Boost)  
  88  7:19  Immortal  
  92  7:29  Zealot  
  93  7:30  Zealot  
  95  7:38  Probe x2  
  95  7:42  Zealot x2  
  101  7:50  Probe x2  
  103  8:09  Zealot x2  
  103  8:10  Zealot x3  
  113  8:14  Probe x3  
  116  8:26  Photon Cannon  
  116  8:27  Photon Cannon  
  116  8:29  Blink (Chrono Boost)  
  116  8:36  Immortal, Photon Cannon  
  120  8:47  Templar Archives  
  120  8:52  Gateway x2  
  120  8:55  Gateway  
  120  8:58  Protoss Ground Armor Level 2 (Chrono Boost)  
  120  9:00  Assimilator  
  120  9:01  Assimilator  
  120  9:07  Zealot  
  120  9:08  Zealot  
  124  9:13  Pylon  
  124  9:14  Pylon  
  124  9:16  Protoss Ground Weapons Level 3 (Chrono Boost)  
  124  9:39  Zealot x4  
  124  9:40  Zealot  
  134  9:54  Probe x2  
  134  9:55  Probe  
  137  10:02  Gateway  
  137  10:03  Gateway  
  137  10:04  High Templar x2  
  141  10:10  Pylon  
  141  10:12  Pylon  
  141  10:14  Pylon  
  141  10:18  Archon  
  139  10:26  Nexus  
  139  10:32  High Templar x3  
  145  10:37  Archon  
  145  10:42  Pylon  
  145  10:47  Immortal  
  149  10:53  Pylon  
  149  10:55  Pylon  
  149  10:56  Pylon  
  149  11:05  High Templar x4  
  149  11:09  Archon x2  
  157  11:20  Probe x2  
  157  11:23  High Templar x3  
  165  11:28  Archon  
  165  11:30  Pylon  
  161  11:54  Stalker x4  
  131  11:56  Stalker x2  
  131  11:57  Stalker  
  103  12:12  Immortal  
  103  12:20  High Templar  
  103  12:21  High Templar x2  
  109  12:23  Zealot x4  
  109  12:28  Archon  
  117  12:30  Archon  
  109  12:44  Zealot x3  
  109  12:45  Zealot  
  117  12:54  Zealot x2  
  117  12:55  Zealot  
  97  13:05  Zealot x2  
  97  13:06  Zealot x2  
  89  13:18  Zealot x3  
  87  13:37  Stalker x3  
  87  13:38  Stalker x4, Nexus  
  101  14:00  Pylon  
  101  14:02  High Templar x6  
  111  14:03  High Templar  
  111  14:04  Protoss Ground Armor Level 3 (Chrono Boost)  
  93  14:32  Warp Prism  
  93  14:35  High Templar x3  
  93  14:36  High Templar  
  93  14:37  Zealot  
  105  14:43  Zealot  
  105  14:44  Zealot  
  105  14:45  Archon x2  
  107  14:55  Assimilator  
  107  14:56  Assimilator  
  107  14:57  Archon x3  
  107  15:10  Zealot x3  
  107  15:11  Zealot x5  
  107  15:12  Zealot x2  
  127  15:15  Protoss Shields Level 1 (Chrono Boost)  
  127  15:34  Zealot x6  
  127  15:35  Zealot x4  
  147  15:50  Probe  
  147  15:51  Probe x3  
  147  15:56  High Templar x4  
  159  15:57  High Templar x4  
  167  16:17  High Templar x2  
  171  16:19  Archon x3  
  171  16:20  Archon  
  171  16:21  Archon, Nexus  
  171  16:31  Zealot x2  
  171  16:32  Zealot x5  
  185  16:33  Zealot  
  169  16:57  Zealot  
  169  16:58  Zealot x4  
  169  16:59  Zealot x5  
  177  17:18  Zealot x6  
  177  17:19  Zealot  
  191  17:29  Zealot  
  193  17:30  Zealot  
  195  17:54  Zealot  
  195  17:55  Zealot  
  195  17:56  Zealot  
  155  18:13  Zealot  
  155  18:14  Zealot x5  
  155  18:15  Zealot  
  145  18:33  Zealot x2  
  145  18:34  Zealot x6  
Show
View Real Time Build Order
Export as new Build Order

axu Protoss 

Build Orders:  

Get SALT Encoding   

  12  0:01  Probe  
  13  0:13  Probe  
  14  0:18  Pylon  
  14  0:25  Probe  
  15  0:37  Probe  
  15  0:41  Gateway  
  16  0:49  Probe  
  17  0:52  Assimilator  
  17  0:59  Assimilator  
  17  1:02  Probe  
  18  1:08  Gateway  
  18  1:14  Probe  
  19  1:32  Probe  
  20  1:36  Cybernetics Core  
  20  1:49  Probe  
  21  1:57  Pylon  
  22  2:01  Probe  
  22  2:13  Probe  
  22  2:15  Stalker  
  25  2:18  Nexus  
  25  2:24  Stalker  
  27  2:34  Probe  
  28  2:41  Warp Gate (Chrono Boost)  
  28  2:47  Pylon  
  28  2:51  Probe  
  29  3:02  Stalker (Chrono Boost)  
  31  3:06  Stalker (Chrono Boost), Probe  
  31  3:10  Pylon  
  33  3:22  Probe  
  34  3:29  Stalker (Chrono Boost)  
  34  3:32  Stalker (Chrono Boost), Probe  
  39  3:56  Stalker  
  39  4:13  Probe x2  
  41  4:25  Probe x2  
  43  4:31  Robotics Facility  
  43  4:37  Probe x2  
  43  4:38  Twilight Council  
  45  4:46  Shield Battery  
  45  4:49  Probe x2  
  47  4:53  Pylon  
  47  4:56  Pylon  
  47  5:01  Probe x2  
  47  5:04  Stalker  
  47  5:05  Stalker  
  53  5:13  Probe x2  
  55  5:14  Gateway  
  55  5:16  Gateway  
  55  5:18  Gateway  
  55  5:24  Assimilator  
  55  5:25  Probe  
  55  5:26  Assimilator, Probe  
  57  5:34  Immortal  
  61  5:42  Sentry  
  61  5:43  Sentry  
  61  5:48  Probe  
  64  6:05  Probe  
  65  6:21  Nexus  
  65  6:22  Immortal  
  65  6:23  Probe x2  
  65  6:24  Pylon  
  65  6:25  Pylon  
  71  6:28  Stalker x2  
  75  6:38  Blink, Pylon  
  75  6:40  Pylon  
  75  6:44  Pylon  
  75  6:45  Forge  
  75  6:48  Probe x2  
  77  6:56  Forge  
  77  7:00  Probe x2  
  79  7:02  Stalker  
  79  7:04  Zealot  
  83  7:09  Observer (Chrono Boost)  
  84  7:22  Observer (Chrono Boost)  
  84  7:27  Protoss Ground Armor Level 1 (Chrono Boost), Protoss Ground Weapons Level 1 (Chrono Boost)  
  85  7:33  Probe x2  
  87  7:39  Probe  
  88  7:45  Probe x2  
  90  7:51  Probe  
  90  7:53  Pylon  
  90  7:57  Assimilator, Probe x2  
  93  8:01  Assimilator  
  93  8:04  Probe  
  94  8:09  Probe  
  95  8:18  Immortal  
  95  8:19  Zealot x2  
  103  8:20  Zealot  
  103  8:21  Stalker x2  
  109  8:28  Templar Archives  
  109  8:33  Probe x3  
  112  8:45  Probe x3  
  115  8:57  Immortal (Chrono Boost), Probe  
  120  9:04  Gateway x2  
  120  9:09  Pylon  
  120  9:11  Pylon  
  120  9:12  High Templar  
  120  9:13  High Templar x4  
  120  9:15  Pylon  
  120  9:16  Archon  
  130  9:17  Archon  
  130  9:24  Protoss Ground Armor Level 2 (Chrono Boost), Protoss Ground Weapons Level 2 (Chrono Boost)  
  130  9:30  Warp Prism (Chrono Boost)  
  132  9:54  Probe x2  
  132  9:55  Probe  
  135  10:02  Shield Battery x2  
  135  10:05  Shield Battery  
  135  10:06  Shield Battery, Probe  
  135  10:07  Probe  
  138  10:08  Shield Battery  
  133  10:25  Probe x3  
  133  10:27  Zealot x3  
  138  10:31  Immortal  
  142  11:03  High Templar x6  
  142  11:04  High Templar  
  156  11:10  Immortal  
  160  11:14  Archon x2  
  160  11:15  Archon  
  160  11:21  Archon, Charge (Chrono Boost)  
  160  11:25  Psionic Storm  
  160  11:36  Stargate  
  160  11:38  Stargate  
  160  11:41  Stargate  
  153  11:50  Zealot x4  
  153  11:51  Zealot x3  
  130  12:18  Zealot x3  
  130  12:19  Zealot x3  
  130  12:20  Zealot  
  144  12:24  Protoss Ground Weapons Level 3 (Chrono Boost)  
  144  12:26  Protoss Shields Level 1 (Chrono Boost)  
  144  12:34  Fleet Beacon  
  125  12:47  Nexus  
  125  12:48  High Templar x3  
  125  12:49  High Templar x3  
  125  12:50  High Templar  
  139  12:54  Archon  
  139  12:55  Archon  
  130  13:00  Archon  
  130  13:04  Warp Prism  
  92  13:23  Carrier x2  
  92  13:33  Zealot x4  
  92  13:34  Zealot x3  
  100  13:40  Immortal  
  108  13:56  Assimilator  
  108  14:00  Pylon  
  108  14:02  Pylon  
  108  14:05  Pylon  
  108  14:06  Zealot x3  
  108  14:07  Zealot x4, Assimilator  
  114  14:29  Zealot x4  
  114  14:30  Zealot x3  
  118  14:33  Immortal  
  116  14:46  Shield Battery  
  116  14:47  Shield Battery  
  116  14:50  Shield Battery  
  116  14:51  Shield Battery  
  116  14:56  Protoss Shields Level 2  
  116  14:59  Void Ray  
  116  15:00  Void Ray x2  
  128  15:09  Graviton Catapult  
  128  15:20  High Templar x2  
  128  15:21  High Templar x2  
  136  15:24  Archon  
  136  15:25  Archon  
  136  15:29  Nexus  
  136  15:30  Robotics Facility  
  136  15:32  Gateway  
  136  15:34  Gateway  
  136  15:40  Gateway  
  136  15:42  Gateway, Void Ray, High Templar  
  138  15:44  High Templar  
  138  15:49  Archon  
  144  16:07  Protoss Air Weapons Level 1  
  144  16:15  Assimilator  
  144  16:20  Assimilator  
  144  16:22  Zealot  
  144  16:23  Zealot x4  
  144  16:24  Zealot x2  
  152  16:54  High Templar x4  
  136  17:05  Void Ray  
  138  17:25  Archon  
  138  17:26  Archon  
  136  17:32  Zealot x5  
  136  17:33  Zealot x2  
  122  18:02  Zealot x4  
  122  18:03  Zealot x2  
  94  18:14  Zealot x3  
  56  18:30  High Templar x2  
Tags
 
Add a new tag
Caveats
  • Supply blocks, unpowered buildings, or Contaminate may cause inaccurate times.
  • Supply counts are checked every 10 seconds.